 Dungeon Crawl Stone Soup version 0.24.0-7-gb3623d2c88 (webtiles) character file.

Game seed: 13963199464091599788, levelgen mode: deterministic

76 Aviak the Sneak (level 4, 0/27 HPs)
             Began as an Octopode Enchanter on Nov 2, 2019.
             Slain by a goblin
             ... wielding a +0 dagger
              (5 damage)
             ... on level 2 of the Dungeon.
             The game lasted 00:01:59 (1705 turns).

Aviak the Sneak (Octopode Enchanter)                Turns: 1705, Time: 00:01:59

Health: 0/27       AC:  1    Str:  7    XL:     4   Next: 32%
Magic:  3/7        EV: 14    Int: 17    God:
Gold:   55         SH:  0    Dex: 13    Spells: 2/8 levels left

rFire    . . .     SeeInvis .   a - +1 dagger
rCold    . . .     Gourm    .   (no shield)
rNeg     . . .     Faith    .   (helmet restricted)
rPois    .         Spirit   .   (no amulet)
rElec    .         Reflect  .   (no ring)
rCorr    .         Harm     .   (no ring)
MR       .....                  (no ring)
Stlth    ++........             (no ring)
HPRegen  0.09/turn              (no ring)
MPRegen  0.10/turn              (no ring)
                                (no ring)
                                (no ring)

@: confused
A: almost no armour, stealthy swim, amphibious, 8 rings, constrict 8, camouflage
1, gelatinous body 1
a: no special abilities


You were on level 2 of the Dungeon.
You were hungry.

You visited 1 branch of the dungeon, and saw 2 of its levels.

You collected 55 gold pieces.

Inventory:

Hand Weapons
 a - a +1 dagger (weapon)
Jewellery
 g - a +3 ring of protection {unknown}
 k - an uncursed ring of protection from magic {unknown}
Scrolls
 b - 2 scrolls of identify {unknown}
 d - a scroll of teleportation {unknown}
 e - 2 scrolls of immolation {unknown}
 i - 3 scrolls of remove curse {unknown}
 l - a scroll of enchant weapon {unknown}
Potions
 f - a potion of agility
 h - a potion of flight {unknown}
 j - 2 potions of mutation {unknown}
Comestibles
 c - 2 rations


   Skills:
 + Level 1.9 Short Blades
 + Level 2.6 Dodging
 + Level 4.7 Stealth
 + Level 2.5 Spellcasting
 + Level 3.4 Hexes


You had 2 spell levels left.
You knew the following spells:

 Your Spells              Type           Power        Failure   Level  Hunger
a - Corona                Hex            ##.....      4%          1    #......
b - Ensorcelled Hibernat  Hex/Ice        #.....       14%         2    ##.....
c - Confuse               Hex            ##......     13%         3    ###....

Your spell library contained the following spells:

 Spells                   Type           Power        Failure   Level  Hunger
 Tukima's Dance           Hex            ##......     13%         3    ###....
 Dazzling Spray           Conj/Hex       #.....       26%         3    ###....


Dungeon Overview and Level Annotations

Branches:
Dungeon (2/15)

Altars:


Innate Abilities, Weirdness & Mutations

You cannot wear most types of armour.
You are very stealthy in the water. (Stealth+)
You are amphibious.
You can wear up to eight rings at the same time.
You can use your tentacles to constrict eight enemies at once.
Your skin changes colour to match your surroundings (Stealth+).
Your rubbery body absorbs attacks. (AC +1, EV +1)


Message History

Ijyb is severely wounded.
You constrict Ijyb. Ijyb barely misses you.
You hit Ijyb.
Ijyb is almost dead.
You constrict Ijyb.
You kill Ijyb!
You have reached level 4!
You bump into the rock wall.
The goblin hits you with a +0 dagger.
* * * LOW HITPOINT WARNING * * *
You bump into the rock wall.
The goblin misses you.
You hit the goblin.
You kill the goblin!
You bump into the rock wall.
The goblin hits you with a +0 dagger.
* * * LOW HITPOINT WARNING * * *
You completely miss the goblin. You squeeze the goblin.
The goblin is moderately wounded.
The goblin closely misses you.
Unknown command.
You bump into the rock wall.
The goblin hits you with a +0 dagger.
You die...

#..# #8.....8# #..#
#.......# #..#
#8..g..8# #..#
#..g..g.# # #..###
#8.....8# # #....#
#.......# # #.##.##
#8.....8#
#.#...#####.......#
#.......@ggg......#
###...######.#####..
##.## #... . #.#
#.### #.# #.# #.#
#.# #.#### #.# .#
#....g #.# #.####
#.#


You could see 3 goblins.

Vanquished Creatures
  Ijyb (D:2)
  2 gnolls (D:2)
  2 leopard geckos
  A bat (D:1)
  A giant cockroach (D:2)
  6 goblins
  2 hobgoblins (D:1)
  A jackal (D:2)
  4 kobolds
  A quokka (D:2)
  3 frilled lizards
  5 rats
29 creatures vanquished.

Notes
Turn   | Place    | Note
-------+----------+-------------------------------------------
     0 | D:1      | Aviak the Octopode Enchanter began the quest for the Orb.
     0 | D:1      | Reached XP level 1. HP: 11/11 MP: 3/3
   360 | D:1      | Reached XP level 2. HP: 16/17 MP: 5/5
   870 | D:2      | Reached XP level 3. HP: 4/21 MP: 4/6
   903 | D:1      | Learned a level 2 spell: Ensorcelled Hibernation
   907 | D:1      | Learned a level 3 spell: Confuse
  1662 | D:2      | Noticed Ijyb
  1699 | D:2      | Killed Ijyb
  1699 | D:2      | Reached XP level 4. HP: 11/27 MP: 2/7
  1705 | D:2      | Slain by a goblin

Levels and vault maps discovered:
D:1:      minmay_arrival_semitransparent, layout_basic
D:2:      kennysheep_the_goblin_king, layout_loops_ring,
          gammafunk_temple_overflow_elements, minmay_pentomino_v4

Action                   |  1- 3 |  4- 6 || total
-------------------------+-------+-------++-------
Melee: Dagger            |    87 |     2 ||    89
       Constrict         |    19 |       ||    19
       Tentacles         |    14 |     1 ||    15
 Cast: Corona            |     2 |       ||     2
       Confuse           |     3 |       ||     3
  Use: Potion            |     1 |       ||     1
 Stab: Sleeping          |     6 |       ||     6
  Eat: Chunk             |     2 |       ||     2
Armor: Skin              |     1 |       ||     1
Dodge: Dodged            |    42 |     2 ||    44
